 Dungeon Crawl Stone Soup version 0.20.0-3-g22ec75f (console) character file.

8145 Kloppie the Cleaver (level 11, -3/90 HPs)
             Began as a Minotaur Fighter on May 27, 2017.
             Was a Follower of Hepliaklqana.
             Slain by a death yak (23 damage)
             ... on level 11 of the Dungeon.
             The game lasted 00:15:14 (6981 turns).

Kloppie the Cleaver (Minotaur Fighter)              Turns: 6981, Time: 00:15:15

Health: -3/90      AC: 14    Str: 37    XL:     11   Next: 6%
Magic:  10/10      EV:  7    Int:  5    God:    Hepliaklqana [*.....]
Gold:   502        SH: 13    Dex:  9    Spells: 10/10 levels left

rFire    + + .     SeeInvis +   v - +3 war axe (vamp)
rCold    + . .     Gourm    .   i - +0 shield {rC+ rF+}
rNeg     . . .     Faith    .   H - +0 plate armour {rF+}
rPois    .         Spirit   .   (helmet restricted)
rElec    .         Reflect  .   (no cloak)
rCorr    .         Harm     .   (no gloves)
MR       .....                  (no boots)
Stlth    ..........             (no amulet)
Regen    0.3/turn               u - +2 ring of protection
MPRegen  0.2/turn               M - +5 ring of strength

@: mighty
A: retaliatory headbutt, reduced essence, fangs 1, horns 2, see invisible,
strong 1
a: Recall Ancestor, Ancestor Identity, Renounce Religion


You were on level 11 of the Dungeon.
You worshipped Hepliaklqana.
Hepliaklqana was aware of your devotion.
You were not hungry.

You visited 2 branches of the dungeon, and saw 12 of its levels.

You collected 502 gold pieces.

Inventory:

Hand Weapons
 a - a +0 war axe
 v - a +3 vampiric war axe (weapon)
Armour
 i - a +0 shield of resistance (worn)
 H - a +0 plate armour of fire resistance (worn)
 I - a +1 shield of reflection
Jewellery
 u - a +2 ring of protection (left hand)
 w - an uncursed ring of positive energy
 x - an uncursed ring of resist corrosion
 M - a +5 ring of strength (right hand)
Wands
 e - a wand of flame (26/48)
 B - a wand of confusion (16/48)
 F - a wand of enslavement (5/24)
 K - a wand of scattershot (4/9)
 L - a wand of polymorph (8/24)
Scrolls
 c - a scroll of enchant weapon
 l - 2 scrolls of remove curse
 o - 2 scrolls of teleportation
 q - 3 scrolls of fog
 t - 2 scrolls of immolation
 y - 3 scrolls of identify
 D - a scroll of enchant armour
 J - a scroll of fear
Potions
 b - a potion of lignification
 d - 3 potions of might
 j - 2 potions of heal wounds {unknown}
 k - 2 potions of cancellation
 n - 7 potions of curing
 p - 2 potions of brilliance
 r - 2 potions of haste
 z - 2 potions of invisibility
 A - 3 potions of resistance
 E - a potion of berserk rage
 G - 2 potions of flight {unknown}
Books
 C - a book of Conjurations

   Spells                             Type                      Level
   a - Magic Dart                     Conjuration                  1
   b - Searing Ray                    Conjuration                  2
   c - Dazzling Spray                 Conjuration/Hexes            3
   d - Fulminant Prism                Conjuration/Hexes            4
   e - Force Lance                    Conjuration/Translocation    4
   f - Iskenderun's Mystic Blast      Conjuration                  4
Comestibles
 f - 5 bread rations
 g - 11 royal jellies
 m - a meat ration
 s - a fruit


   Skills:
 + Level 10.3 Fighting
 + Level 13.9 Axes
 - Level 6.4 Armour
 - Level 10.3 Shields


You had 10 spell levels left.
You didn't know any spells.

Dungeon Overview and Level Annotations

Branches:
Dungeon (11/15)            Temple (1/1) D:5            Lair (0/6) D:10
    Orc: D:9-12

Altars:
Ashenzari
Cheibriados
Dithmenos
Elyvilon
Fedhas
Gozag
Hepliaklqana
Kikubaaqudgha
Makhleb
Nemelex Xobeh
Okawaru
Qazlal
Ru
Sif Muna
Trog
Uskayaw
Vehumet
Xom
Yredelemnul
Zin
The Shining One

Shops:
D:6 (

Annotations:
D:6 exclusion: oklob plant


Innate Abilities, Weirdness & Mutations

You reflexively headbutt those who attack you in melee.
You have a pair of horns on your head.
Your life essence is reduced. (-10% HP)
You have very sharp teeth.
You have supernaturally acute eyesight. (SInv)
Your muscles are strong. (Str +2)


Message History

The orc warrior hits you but does no damage.
The hell rat bites Servia!
Servia hits the death yak!
You block the leopard gecko's attack.
The death yak gores you but does no damage.
You climb downwards.
There is a stone staircase leading up, spattered with blood here.
You see here a death yak corpse.
You feel very mighty all of a sudden. You block the leopard gecko's attack.
Servia hits the death yak but does no damage.
The death yak gores you!!
* * * LOW HITPOINT WARNING * * *
You slash the death yak!
You feel better.
The death yak is severely wounded.
You closely miss the leopard gecko. You block the leopard gecko's attack.
Servia hits the death yak but does no damage.
You barely miss the death yak. Your headbutt misses the death yak.
The death yak is severely wounded.
You miss the leopard gecko. The death yak gores you!!
You die...

. # .## . ..
# #.#. .#
#.#.##.
#.....
#...#######
#..Y@l....#
#..R#####.#
........
.........>
#..........
#####...####
#.... #...#


You could see the friendly Servia the ancestor, a death yak and a leopard gecko.

Vanquished Creatures
  2 death yaks
  A troll (D:6)
  Grinder (D:5)
  2 hippogriffs
  The ghost of gorpus the Conjurer, an amateur OpWz (D:4)
  2 wyverns
  A hungry ghost (D:8)
  2 porcupines (D:10)
  An orc warrior (D:7)
  An ice beast (D:9)
  2 black bears
  5 phantoms
  2 sky beasts
  5 ogres
  A centaur (D:8)
  A gnoll sergeant (D:9)
  4 bullfrogs
  18 killer bees
  2 howler monkeys
  3 crimson imps
  A centaur zombie (D:5)
  A jelly (D:6)
  A bullfrog skeleton (D:9)
  2 orc priests
  6 hounds
  4 orc wizards
  Ijyb (D:3)
  4 worker ants
  A hound skeleton (D:6)
  A worker ant zombie (D:5)
  5 gnolls (D:9)
  7 adders
  A river rat (D:11)
  A shadow imp (D:8)
  2 oozes
  An adder zombie (D:8)
  An adder skeleton (D:4)
  2 worms (D:2)
  2 dart slugs
  4 leopard geckos
  36 orcs
  6 giant cockroaches
  18 goblins
  8 hobgoblins
  16 jackals
  5 kobolds
  2 quokkas
  2 ball pythons
  19 bats
  6 frilled lizards
  A jackal zombie (D:7)
  A leopard gecko skeleton (D:4)
  A quokka zombie (D:8)
  9 rats
235 creatures vanquished.

Vanquished Creatures (collateral kills)
  A two-headed ogre (D:9)
  An unseen horror (D:9)
  2 hippogriffs (D:9)
  A black bear (D:9)
  A centaur (D:6)
  2 worker ants
  An adder (D:8)
  A leopard gecko (D:7)
10 creatures vanquished.

Vanquished Creatures (others)
  An ancestor (D:10)
1 creature vanquished.

Grand Total: 246 creatures vanquished

Notes
Turn   | Place    | Note
-------+----------+-------------------------------------------
     0 | D:1      | Kloppie the Minotaur Fighter began the quest for the Orb.
     0 | D:1      | Reached XP level 1. HP: 19/19 MP: 0/0
   230 | D:1      | Reached XP level 2. HP: 27/27 MP: 1/1
   254 | D:1      | Reached skill level 3 in Axes
   581 | D:1      | Reached XP level 3. HP: 34/34 MP: 2/2
   863 | D:2      | Reached skill level 4 in Axes
  1000 | D:2      | Reached XP level 4. HP: 39/41 MP: 3/3
  1053 | D:2      | Reached skill level 5 in Fighting
  1548 | D:3      | Reached XP level 5. HP: 48/48 MP: 4/4
  1642 | D:3      | Noticed a phantom
  1663 | D:3      | Killed a phantom
  1663 | D:3      | Reached skill level 5 in Axes
  2028 | D:3      | Noticed Ijyb
  2055 | D:3      | Killed Ijyb
  2055 | D:3      | Reached XP level 6. HP: 56/56 MP: 5/5
  2127 | D:3      | Reached skill level 5 in Armour
  2129 | D:3      | Gained mutation: You have supernaturally acute eyesight. (SInv) [potion of mutation]
  2129 | D:3      | Gained mutation: Your muscles are strong. (Str +2) [potion of mutation]
  2129 | D:3      | Gained mutation: You have very sharp teeth. [potion of mutation]
  2172 | D:4      | Noticed gorpus's ghost (amateur OpWz)
  2202 | D:4      | Killed gorpus's ghost
  2202 | D:4      | Reached skill level 6 in Axes
  2409 | D:4      | Reached XP level 7. HP: 49/61 MP: 6/6
  2498 | D:4      | Reached skill level 7 in Axes
  3088 | D:5      | Entered Level 5 of the Dungeon
  3276 | D:5      | Noticed a dagger
  3277 | D:5      | Noticed a hand axe
  3277 | D:5      | Found a hide-covered altar of Uskayaw.
  3278 | D:5      | Reached skill level 5 in Shields
  3309 | D:5      | Found a staircase to the Ecumenical Temple.
  3315 | D:5      | Noticed Grinder
  3316 | D:5      | Paralysed by Grinder for 4 turns
  3334 | D:5      | Reached skill level 8 in Axes
  3334 | D:5      | Reached XP level 8. HP: 61/69 MP: 7/7
  3342 | D:5      | Killed Grinder
  3353 | Temple   | Entered the Ecumenical Temple
  3600 | Temple   | Became a worshipper of Hepliaklqana the Forgotten
  3778 | D:5      | Found a sparkling altar of Nemelex Xobeh.
  3781 | D:5      | Found an opulent altar of Gozag.
  3784 | D:5      | Found a blossoming altar of Fedhas.
  3816 | D:5      | Found a burning altar of Makhleb.
  3832 | D:5      | Found a shadowy altar of Dithmenos.
  3842 | D:5      | Reached skill level 9 in Axes
  3981 | D:6      | Found Samigo's Weapon Emporium.
  4091 | D:6      | Found a blossoming altar of Fedhas.
  4094 | D:6      | Noticed an oklob plant
  4284 | D:6      | Noticed a troll
  4295 | D:6      | Killed a troll
  4295 | D:6      | Reached skill level 10 in Axes
  4295 | D:6      | Reached XP level 9. HP: 47/66 MP: 8/8
  4678 | D:7      | Found a radiant altar of Vehumet.
  5117 | D:8      | Reached * piety under Hepliaklqana
  5156 | D:8      | Reached skill level 11 in Axes
  5304 | D:8      | Reached skill level 10 in Shields
  5675 | D:9      | Reached skill level 12 in Axes
  5684 | D:9      | Noticed an unseen horror
  5687 | D:9      | Reached XP level 10. HP: 72/75 MP: 9/9
  5695 | D:9      | Found a glowing golden altar of the Shining One.
  5702 | D:9      | Killed an unseen horror
  6059 | D:9      | Noticed a two-headed ogre
  6069 | D:9      | Killed a two-headed ogre
  6469 | D:9      | Reached skill level 13 in Axes
  6755 | D:10     | Entered Level 10 of the Dungeon
  6756 | D:10     | Found a staircase to the Lair.
  6756 | D:10     | Noticed a death yak
  6756 | D:10     | Noticed a death yak
  6759 | D:10     | Noticed a death yak
  6771 | D:10     | Killed a death yak
  6775 | D:10     | Noticed a gargoyle
  6790 | D:11     | Killed a death yak
  6790 | D:11     | Reached skill level 10 in Fighting
  6790 | D:11     | Reached XP level 11. HP: 38/89 MP: 10/10
  6981 | D:11     | Slain by a death yak

Skill      XL: |  1  2  3  4  5  6  7  8  9 10 |
---------------+-------------------------------+-----
Fighting       | 4 5 6 10 | 10.3
Axes           | 3 4 5 6 8 10 12 13 | 13.9
Armour         | 4 6 |  6.4
Shields        | 5 8 10 | 10.3

Action                   |  1- 3 |  4- 6 |  7- 9 | 10-12 || total
-------------------------+-------+-------+-------+-------++-------
Melee: War axe           |   106 |   146 |   271 |   111 ||   634
       Headbutt          |    11 |    15 |    55 |    27 ||   108
       Bite              |       |     4 |    26 |    15 ||    45
Invok: Recall Ancestor   |       |       |     1 |       ||     1
  Use: Scroll            |       |    12 |     6 |     1 ||    19
       Potion            |       |     3 |       |     2 ||     5
 Stab: Distracted        |       |       |     4 |       ||     4
  Eat: Chunk             |     1 |     4 |    13 |     4 ||    22
       Meat ration       |       |       |     1 |       ||     1
Armor: Scale mail        |    56 |    16 |       |       ||    72
       Chain mail        |       |    78 |    81 |       ||   159
       Plate armour      |       |       |    45 |    62 ||   107
Dodge: Dodged            |    50 |    30 |    64 |    30 ||   174
Block: Shield            |    74 |    76 |   162 |    92 ||   404
